 Dungeon Crawl Stone Soup version 0.22.0 (webtiles) character file.

863 Gorglomux the Chopper (level 7, -3/56 HPs)
             Began as a Demonspawn Gladiator on Aug 11, 2018.
             Slain by an ogre
             ... wielding a +0 giant club
              (20 damage)
             ... on level 6 of the Dungeon.
             The game lasted 00:03:31 (5422 turns).

Gorglomux the Chopper (Demonspawn Gladiator)        Turns: 5422, Time: 00:03:32

Health: -3/56      AC: 10    Str: 17    XL:     7   Next: 72%
Magic:  7/7        EV:  8    Int:  9    God:
Gold:   195        SH:  0    Dex: 18    Spells: 6/6 levels left

rFire    . . .     SeeInvis .   M - +1 hand axe (chop)
rCold    . . .     Gourm    .   (no shield)
rNeg     . . .     Faith    .   Y - +0 chain mail
rPois    .         Spirit   .   c - +0 helmet
rElec    .         Reflect  .   (no cloak)
rCorr    .         Harm     .   (no gloves)
MR       .....                  (no boots)
Stlth    ..........             (no amulet)
HPRegen  0.18/turn              (no ring)
MPRegen  0.10/turn              (no ring)

@: no status effects
A: hooves 1, thin skeletal structure 2, rot immunity
a: no special abilities


You were on level 6 of the Dungeon.
You were not hungry.

You visited 1 branch of the dungeon, and saw 6 of its levels.

You collected 195 gold pieces.

Inventory:

Hand Weapons
 a - a +0 war axe
 M - a +1 hand axe of chopping (weapon)
Armour
 c - a +0 helmet (worn)
 Y - a +0 chain mail (worn)
Jewellery
 P - a cursed ring of teleportation {unknown}
 S - an uncursed ring of protection from cold {unknown}
Scrolls
 N - 2 scrolls of teleportation {unknown}
 Q - a scroll of identify {unknown}
 R - a scroll of enchant armour {unknown}
 U - 4 scrolls of remove curse {unknown}
 V - a scroll of magic mapping {unknown}
 W - 2 scrolls of enchant weapon {unknown}
 X - a scroll of amnesia {unknown}
Potions
 O - 2 potions of lignification {unknown}
 T - 2 potions of heal wounds {unknown}
Comestibles
 f - 9 rations
 L - 2 chunks of flesh


   Skills:
 + Level 5.3 Fighting
 + Level 5.3 Axes
 - Level 1.7 Throwing
 + Level 4.4 Armour
 - Level 2.6 Dodging


You had 6 spell levels left.
You didn't know any spells.
Your spell library was empty.

Dungeon Overview and Level Annotations

Branches:
Dungeon (6/15)
 Temple: D:4-7

Altars:
Fedhas
Sif Muna
Trog

Shops:
D:4 *

Annotations:
D:4 2 transporters, tyranidshit's ghost, amateur DsAK


Innate Abilities, Weirdness & Mutations

You have large cloven feet.
You have a moderately thin skeletal structure. (Dex +4, Stealth+)
You are immune to rotting.


Message History

An ogre butts nearby!!!
You dice the ogre but do no damage!
Butt's kick misses the butt!
The ogre is moderately wounded!
The ogre completely misses you!
Unknown command!
An ogre is nearby!!!
Unknown command!
An ogre is nearby!!!
You butt the ogre like an onion!
You kick the ogre!
The ogre is heavily wounded!
The ogre butts you with a giant club!!!
You dice the ogre like an onion! Your kick misses the ogre!
The ogre is heavily wounded!
Throwing (i - inventory)
Z - a butt net (quivered)
Press: ? - help, Shift-Dir - straight line, f - ogre
Aim: an ogre, wielding a giant club (heavily wounded)
You throw a throwing net!
The throwing net barely misses the ogre!
The ogre hits butt with a giant club!!!!!! rip

#.# #.# #.# #.# #.#
#.# #.# ## #.# ..
#.# #. #.#
#..#######.#
#.$.@O....(###.##
#................
.....#######.#.##.##
#### .###.. .# #...
.. ...# ## [## #


You could see an ogre.

Vanquished Creatures
  A phantom (D:4)
  2 ogres
  A sky beast (D:5)
  2 scorpions (D:4)
  A crimson imp (D:5)
  2 hounds (D:4)
  2 orc priests
  An orc wizard (D:4)
  A centaur skeleton (D:4)
  2 worker ants (D:4)
  An iguana (D:5)
  3 adders (D:4)
  2 oozes
  3 worms
  2 dart slugs
  A leopard gecko (D:6)
  15 orcs
  2 goblins (D:1)
  4 hobgoblins
  4 jackals (D:1)
  8 kobolds
  2 quokkas
  3 ball pythons
  7 bats
  4 frilled lizards
  A leopard gecko skeleton (D:4)
  3 rats (D:4)
80 creatures vanquished.

Vanquished Creatures (others)
  4 toadstools (D:1)
4 creatures vanquished.

Grand Total: 84 creatures vanquished

Notes
Turn   | Place    | Note
-------+----------+-------------------------------------------
     0 | D:1      | Gorglomux the Demonspawn Gladiator began the quest for the Orb.
     0 | D:1      | Reached XP level 1. HP: 16/16 MP: 1/1
   455 | D:1      | Gained mutation: You have a somewhat thin skeletal structure. (Dex +2, Stealth) [demonic ancestry]
   455 | D:1      | Reached XP level 2. HP: 14/22 MP: 2/2
   707 | D:1      | Reached skill level 3 in Axes
   729 | D:1      | Reached skill level 1 in Armour
  1127 | D:2      | Reached XP level 3. HP: 28/28 MP: 3/3
  1184 | D:2      | Found a blossoming altar of Fedhas.
  1337 | D:2      | You fall through a shaft!
  1716 | D:4      | Noticed a scorpion
  1730 | D:4      | Killed a scorpion
  1730 | D:4      | Reached skill level 3 in Fighting
  1730 | D:4      | Reached XP level 4. HP: 12/35 MP: 4/4
  1981 | D:4      | Found a transporter.
  1982 | D:4      | Found a transporter.
  1982 | D:4      | Noticed tyranidshit's ghost (amateur DsAK)
  1983 | D:4      | Noticed an ogre
  1983 | D:4      | Noticed an ogre
  1984 | D:4      | Noticed an ogre
  2011 | D:4      | Killed an ogre
  2011 | D:4      | Gained mutation: You are immune to rotting. [demonic ancestry]
  2011 | D:4      | Reached XP level 5. HP: 19/41 MP: 5/5
  2310 | D:4      | Found Damp's General Store.
  2473 | D:4      | Gained mutation: You have a moderately thin skeletal structure. (Dex +4, Stealth+) [demonic ancestry]
  2473 | D:4      | Reached XP level 6. HP: 48/48 MP: 6/6
  2620 | D:4      | Reached skill level 3 in Armour
  2852 | D:4      | Found a deep blue altar of Sif Muna.
  3301 | D:4      | Gained mutation: You have large cloven feet. [demonic ancestry]
  3301 | D:4      | Reached XP level 7. HP: 36/55 MP: 7/7
  3645 | D:4      | Noticed a moth of wrath
  3648 | D:4      | Found a bloodstained altar of Trog.
  4116 | D:5      | Entered Level 5 of the Dungeon
  5422 | D:6      | Slain by an ogre

Skill      XL: |  1  2  3  4  5  6  7 |
---------------+----------------------+-----
Axes           | 3 4 5 |  5.3
Armour         | 1 2 3 4 |  4.4
Fighting       | 3 4 5 |  5.3
Throwing       | |  1.7
Dodging        | |  2.6

Action                   |  1- 3 |  4- 6 |  7- 9 || total
-------------------------+-------+-------+-------++-------
Melee: War axe           |   130 |   121 |    76 ||   327
       Kick              |       |       |    41 ||    41
       Hand axe          |       |       |    28 ||    28
Throw: Throwing net      |     1 |     2 |     1 ||     4
 Stab: Sleeping          |     2 |       |       ||     2
       Held in net/web   |       |     1 |       ||     1
  Eat: Chunk             |     2 |     3 |     3 ||     8
       Ration            |       |     1 |     1 ||     2
Armor: Leather armour    |    15 |       |       ||    15
       Chain mail        |    83 |    82 |    58 ||   223
Dodge: Dodged            |    71 |    61 |    42 ||   174
